 Dungeon Crawl Stone Soup version 0.26-a0-1107-g6118521029 (webtiles) character file.

Game seed: 1272597272374195722

1339 Dracia the Schismatic (level 8, -2/81 (87) HPs)
             Began as a Demonspawn Abyssal Knight on Dec 16, 2020.
             Was an Elder of Lugonu.
             Slain by a sky beast (5 damage)
             ... on level 6 of the Dungeon.
             The game lasted 00:12:11 (8631 turns).

Dracia the Schismatic (Demonspawn Abyssal Knight)   Turns: 8631, Time: 00:12:11

HP:   -2/81 (87)    AC:  6    Str: 14    XL:     8   Next: 35%
MP:   0/15          EV: 10    Int: 10    God:    Lugonu [****..]
Gold: 141           SH:  0    Dex: 13    Spells: 4/7 levels left

rFire    + . .     SeeInvis .   a - +1 falchion
rCold    . . .     Faith    .   (no shield)
rNeg     . . .     Spirit   +   n - +1 ring mail {rF+}
rPois    .         Reflect  .   (no helmet)
rElec    .         Harm     .   (no cloak)
rCorr    .         Rampage  .   (no gloves)
Will     .....                  (no boots)
Stlth    ..........             G - amulet of guardian spirit
HPRegen  0.23/turn              y - -4 ring of intelligence
MPRegen  0.14/turn              (no ring)

@: berserking (expiring), lethally poisoned (-2 -> -2), drained, very quick
A: hooves 1, powered by death 1
a: Depart the Abyss, Bend Space, Banish, Corrupt, Renounce Religion


You were on level 6 of the Dungeon.
You worshipped Lugonu.
Lugonu was greatly pleased with you.
You visited 1 branch of the dungeon, and saw 6 of its levels.
You visited the Abyss 1 time.
You also visited: Sewer.

You collected 231 gold pieces.
You spent 90 gold pieces at shops.


Innate Abilities, Weirdness & Mutations

You have large cloven feet.
You regenerate a little health from kills.


   Skills:
 - Level 3.0 Fighting
 + Level 6.8 Long Blades
 - Level 1.7 Armour
 - Level 0.8 Dodging
 + Level 9.7 Invocations


You had 4 spell levels left.
You knew the following spells:

 Your Spells              Type           Power        Failure   Level
o - Confusing Touch       Hex            #.......     92%         3

Your spell library contained the following spells:

 Spells                   Type           Power        Failure   Level
 Gell's Gravitas          Tloc           #.........   92%         3
 Petrify                  Tmut/Erth      #.......     100%        4
 Metabolic Englaciation   Hex/Ice        #.........   100%        5
 Yara's Violent Unravell  Hex/Tmut       #.........   100%        5

Inventory:

Hand Weapons
 a - a +1 falchion (weapon)
Missiles
 e - 43 poisoned darts (quivered)
Armour
 b - a +0 leather armour
 c - a +0 chain mail
 n - a +1 ring mail of fire resistance (worn)
Jewellery
 g - an uncursed amulet of regeneration
 y - a -4 ring of intelligence (left hand)
 G - an amulet of guardian spirit (around neck)
Wands
 o - a wand of flame (11)
Scrolls
 f - a scroll of teleportation {@r4@r4}
 j - 2 scrolls of blinking
 q - a scroll of noise
 r - a scroll of random uselessness
 s - 2 scrolls of remove curse {@r2@r2}
 t - 4 scrolls of identify {@r1@r1}
Potions
 d - 5 potions of curing {@q1@q1}
 h - a potion of might
 k - a potion of ambrosia
 l - 4 potions of mutation
 p - 2 potions of degeneration
 u - a potion of haste {@q3@q3}
 v - a potion of heal wounds {@q2@q2}

Dungeon Overview and Level Annotations

Branches:
Dungeon (6/15)             Temple (0/1) D:4           Sewer (visited)

Altars:
Cheibriados
Elyvilon
Gozag
Makhleb
Nemelex Xobeh
Qazlal
Sif Muna
Trog
Wu Jian
Zin

Annotations:
D:5 2 runed translucent doors, Dracia's ghost, weakling KoDe

###....########..###
....................
##..#...........###
#..##########..## #.###
###..##### #...#
##.........# #.#.#
#..#######.. .
###'######W#########....
#.....##...)...)@.......
...8...##.#####{F.......
........#. ...####....
⌠)_._.⌠.## ..###. ...
....)...# #. ## #
...8...##.. #.....## .
#######


You could see a phantom and a bullfrog.


Message History

You are electrocuted!
* * * LOW HITPOINT WARNING * * *
You hit the orc.
You kill the orc!
Lugonu accepts your kill. The sky beast hits you.
* * * LOW HITPOINT WARNING * * *
The sky beast shocks you.
* * * LOW HITPOINT WARNING * * *
You closely miss the sky beast.
The sky beast is lightly wounded.
You feel sick.
Unknown command.
You are too berserk!
You barely miss the sky beast.
The sky beast is lightly wounded.
The sky beast flickers out of sight!
Deactivating autopickup; reactivate with Ctrl-A.
Something hits you but does no damage.
You hit something.
A bullfrog comes into view.
The bullfrog croaks.
You slash something!
You hear an angry hiss.
You hear a shout!
Something hits you but does no damage.
You hear a shout!
You slash something!
You feel sick. Something hits you.
* * * LOW HITPOINT WARNING * * *
Something shocks you.
You die...

Skill      XL: |  1  2  3  4  5  6  7 |
---------------+----------------------+-----
Long Blades    | 2 3 4 5 6 |  6.8
Invocations    | 3 4 5 6 7 9 |  9.7
Fighting       | |  3.0
Armour         | |  1.7
Dodging        | |  0.8

Action                   |  1- 3 |  4- 6 |  7- 9 || total
-------------------------+-------+-------+-------++-------
Melee: Falchion          |    94 |   285 |   209 ||   588
       Kick              |    26 |    65 |    58 ||   149
Throw: Dart              |       |       |     2 ||     2
Invok: Depart the Abyss  |     1 |       |       ||     1
       Bend Space        |       |     2 |     1 ||     3
  Use: Potion            |       |     8 |     5 ||    13
       Scroll            |       |     8 |     2 ||    10
 Stab: Invisible         |       |       |     4 ||     4
Armor: Chain mail        |    79 |   179 |       ||   258
       Leather armour    |     1 |       |       ||     1
       Skin              |       |    26 |       ||    26
       Ring mail         |       |    11 |    68 ||    79
Dodge: Dodged            |    51 |    89 |   112 ||   252
       Rpst.: Falchion   |    21 |    30 |    25 ||    76

Levels and vault maps discovered:
D:1:      onia_arrival_pentagram, layout_rooms, kennysheep_flooded_box
D:2:      layout_basic, lightli_temple_of_fire, grunt_ministairs_13
D:3:      layout_loops_ring, marbit_many_paths, eino_curves_02,
          grunt_ministairs_12, lemuel_blue_sif_altar
D:4:      layout_layer_cave, zin_purify, temple_statues
D:5:      layout_loops_corners, makhleb_heckhound_becter, lemuel_doored_altar,
          ebering_ghost_disaster_area, elyvilon_altar_4
D:6:      layout_rooms, grunt_temple_overflow_opulence,
          lemuel_coloured_pillars_altar, portal_sewer_entry_b,
          minmay_alternating_orb

Notes
Turn   | Place    | Note
-------+----------+-------------------------------------------
     0 | Abyss:1  | Dracia the Demonspawn Abyssal Knight began the quest for
                  | the Orb.
     0 | Abyss:1  | Reached XP level 1. HP: 18/18 MP: 2/2
   124 | Abyss:1  | Reached skill level 2 in Long Blades
   146 | Abyss:1  | Noticed an ice beast
   149 | D:1      | You pass through the gate.
   149 | D:1      | Escaped the Abyss
   255 | D:1      | Reached skill level 3 in Invocations
   255 | D:1      | Gained mutation: You have large cloven feet. [demonic
                  | ancestry]
   255 | D:1      | Reached XP level 2. HP: 6/24 MP: 2/4
   764 | D:1      | Reached XP level 3. HP: 28/29 MP: 5/5
   782 | D:1      | Reached * piety under Lugonu
   899 | D:1      | Found an ornate altar of the Wu Jian Council.
  1205 | D:2      | Reached skill level 4 in Invocations
  1301 | D:2      | Reached skill level 3 in Long Blades
  1694 | D:2      | Reached XP level 4. HP: 31/35 MP: 7/7
  2154 | D:2      | Reached ** piety under Lugonu
  2309 | D:2      | Found a bloodstained altar of Trog.
  2369 | D:3      | Reached skill level 5 in Invocations
  2382 | D:3      | Reached XP level 5. HP: 17/41 MP: 8/8
  2770 | D:3      | Found a shimmering blue altar of Sif Muna.
  3039 | D:3      | Found a stormy altar of Qazlal.
  3092 | D:3      | You fall into a shaft and drop 2 floors!
  3092 | D:5      | Entered Level 5 of the Dungeon
  3107 | D:5      | Reached skill level 4 in Long Blades
  3191 | D:5      | Found a white marble altar of Elyvilon.
  3205 | D:5      | Reached skill level 6 in Invocations
  3337 | D:5      | Reached XP level 6. HP: 37/47 MP: 7/10
  3459 | D:5      | Noticed an ice beast
  3484 | D:5      | HP: 4/47 [ice beast (4)]
  3823 | D:4      | Found a staircase to the Ecumenical Temple.
  4061 | D:4      | Found Zin's Purification Station.
  4063 | D:4      | Found a glowing silver altar of Zin.
  4068 | D:4      | Bought a potion of curing for 90 gold pieces
  4171 | D:4      | Reached *** piety under Lugonu
  4220 | D:4      | Identified a potion of resistance
  4730 | D:4      | Reached skill level 7 in Invocations
  5720 | D:3      | Reached skill level 5 in Long Blades
  5978 | D:5      | Reached XP level 7. HP: 44/52 MP: 9/12
  6045 | D:5      | Found a snail-covered altar of Cheibriados.
  6267 | D:5      | Found a large runed translucent door.
  6635 | D:5      | Found a large runed translucent door.
  6637 | D:5      | Noticed Dracia's ghost (weakling KoDe)
  6693 | D:5      | HP: 1/52 [ogre/+0 giant club (12)]
  6695 | D:5      | Reached skill level 8 in Invocations
  7082 | D:5      | HP: 3/52 [ice beast (10)]
  7087 | D:5      | Reached skill level 6 in Long Blades
  7760 | D:5      | Found a burning altar of Makhleb.
  8024 | D:6      | Found a glowing drain.
  8031 | D:6      | Reached **** piety under Lugonu
  8042 | Sewer    | Entered a sewer
  8115 | Sewer    | Noticed Purgy
  8134 | Sewer    | Killed Purgy
  8135 | Sewer    | Reached skill level 9 in Invocations
  8135 | Sewer    | Gained mutation: You regenerate a little health from kills.
                  | [demonic ancestry]
  8135 | Sewer    | Reached XP level 8. HP: 12/58 MP: 5/14
  8431 | D:6      | Learned a level 3 spell: Confusing Touch
  8569 | D:6      | Found a sparkling altar of Nemelex Xobeh.
  8569 | D:6      | Found an opulent altar of Gozag.
  8626 | D:6      | HP: 8/81 [sky beast (2)]
  8631 | D:6      | HP: 4/81 [poisoned by a killer bee]
  8631 | D:6      | Slain by a sky beast

Vanquished Creatures
  Purgy (Sewer)
  An ice beast (D:5)
  A phantom (D:6)
  4 ogres
  A scorpion (D:4)
  A killer bee (D:6)
  A wight (D:6)
  3 hounds
  2 orc wizards (D:3)
  An orc priest (D:5)
  An iguana (D:5)
  2 worker ants
  A worker ant zombie (D:5)
  14 gnolls
  5 adders
  A shadow imp (D:5)
  A white imp (D:5)
  An ufetubus (Abyss:1)
  An ooze (D:5)
  An adder zombie (D:6)
  2 worms
  3 dart slugs
  3 leopard geckos
  14 orcs
  8 giant cockroaches
  4 goblins
  6 hobgoblins
  11 jackals
  13 kobolds
  5 quokkas
  A ball python (D:6)
  7 bats
  8 frilled lizards
  13 rats
142 creatures vanquished.

Table legend: (Time is in decaauts)
 A = Elapsed time spent in this place.
 B = Non-inter-level travel time spent in this place.
 C = Inter-level travel time spent in this place.
 D = Time resting spent in this place.
 E = Time spent auto-exploring this place.
 F = Levels seen in this place.
 G = Mean time per level.
                   A        B        C        D        E       F      G
               +--------+--------+--------+--------+--------+-----+--------+
         Total |   8704 |   8508 |    196 |   2261 |   5055 |   8 | 1088.0 |
       Dungeon |   8169 |   7973 |    196 |   2024 |   4824 |   6 | 1361.5 |
         Abyss |    151 |    151 |      0 |      0 |    138 |   1 |  151.0 |
         Sewer |    383 |    383 |      0 |    237 |     92 |   1 |  383.0 |
               +--------+--------+--------+--------+--------+-----+--------+

Top non-repeatable levels by time:
     D:5: 2308 daAuts
     D:4: 2120 daAuts
     D:3: 1269 daAuts
     D:2: 1240 daAuts
     D:1: 969 daAuts
   Sewer: 383 daAuts
     D:6: 261 daAuts
 Abyss:1: 151 daAuts

Table legend:
 A = Non-vault XP
 B = Vault XP
 C = Vault XP percentage of total XP
 D = Non-vault monster count
 E = Vault monster count
 F = Vault count percentage of total count
                 A         B        C        D         E       F
            +---------+---------+-------+---------+---------+-------
      Total |    1596 |     318 |  16.6 |     124 |      18 |  12.7
            +---------+---------+-------+---------+---------+-------
        D:1 |      50 |       0 |   0.0 |      22 |       0 |   0.0
        D:2 |     105 |       7 |   6.2 |      26 |       2 |   7.1
        D:3 |     158 |       4 |   2.5 |      32 |       2 |   5.9
        D:4 |     289 |       0 |   0.0 |      10 |       0 |   0.0
        D:5 |     744 |      42 |   5.3 |      30 |       1 |   3.2
        D:6 |     242 |     129 |  34.8 |       3 |       7 |  70.0
    Abyss:1 |       8 |       0 |   0.0 |       1 |       0 |   0.0
      Sewer |       0 |     136 | 100.0 |       0 |       6 | 100.0
            +---------+---------+-------+---------+---------+-------
